 Dungeon Crawl Stone Soup version 0.26.1-2-gb8aa6d0cf2 (webtiles) character file.

Game seed: 12784221284425192001

5590 krautsourced the Basher (level 10, -3/90 HPs)
             Began as a Minotaur Berserker on Feb 23, 2021.
             Was a High Priest of Trog.
             Slain by a water moccasin (5 damage)
             ... on level 9 of the Dungeon.
             The game lasted 00:31:02 (8261 turns).

krautsourced the Basher (Minotaur Berserker)        Turns: 8261, Time: 00:31:03

Health: -3/90      AC: 12    Str: 25    XL:     10   Next: 45%
Magic:  0/9        EV:  8    Int:  4    God:    Trog [*****.]
Gold:   524        SH:  0    Dex: 10    Spells: 9/9 levels left

rFire    + + .     SeeInvis .   A - +3 great mace (vorpal)
rCold    . . .     Faith    .   (shield currently unavailable)
rNeg     . . .     Spirit   .   e - +2 plate armour {rF+}
rPois    .         Reflect  .   (helmet restricted)
rElec    .         Harm     .   (no cloak)
rCorr    +         Rampage  .   (no gloves)
Will     .....                  (no boots)
Stlth    ..........             (no amulet)
HPRegen  0.25/turn              g - ring of resist corrosion
MPRegen  0.11/turn              k - ring of protection from fire

@: lethally poisoned (-3 -> -24), corroded, berserk cooldown, slowed, very slow
A: retaliatory headbutt, horns 2
a: Renounce Religion, Berserk, Trog's Hand, Brothers in Arms


You were on level 9 of the Dungeon.
You worshipped Trog.
Trog was extremely pleased with you.
You visited 1 branch of the dungeon, and saw 9 of its levels.

You collected 524 gold pieces.

Inventory:

Hand Weapons
 n - a +2 flail of draining
 y - a +2 flail of protection
 A - a +3 vorpal great mace (weapon)
Missiles
 q - 242 stones
Armour
 e - a +2 plate armour of fire resistance (worn)
Jewellery
 g - a ring of resist corrosion (left hand)
 k - a ring of protection from fire (right hand)
 u - an uncursed ring of resist corrosion
 D - an uncursed amulet of magic regeneration {unknown}
 E - a cursed -4 ring of slaying {unknown}
Wands
 b - a wand of flame (19)
Scrolls
 c - a scroll of identify
 d - 4 scrolls of remove curse
 h - a scroll of teleportation
 j - 2 scrolls of fog
 w - 2 scrolls of amnesia
 x - 3 scrolls of fear
 z - a scroll of immolation {unknown}
 C - a scroll of enchant weapon {unknown}
Potions
 a - 3 potions of mutation
 f - a potion of cancellation {unknown}
 i - a potion of curing
 l - 2 potions of berserk rage
 m - 2 potions of invisibility
 o - a potion of magic {unknown}
 p - 4 potions of brilliance
 r - 2 potions of might {unknown}
 s - a potion of haste {unknown}
 t - 3 potions of lignification
 v - 3 potions of attraction
 B - a potion of flight {unknown}


   Skills:
 + Level 8.8 Fighting
 + Level 13.8 Maces & Flails
 + Level 9.4 Armour
 + Level 3.5 Dodging
 + Level 0.5 Stealth


You had 9 spell levels left.
You didn't know any spells.
Your spell library was empty.

Dungeon Overview and Level Annotations

Branches:
Dungeon (9/15)             Temple (0/1) D:6            Lair (0/6) D:9
    Orc: D:9-12

Altars:
Elyvilon
Zin


Innate Abilities, Weirdness & Mutations

You reflexively headbutt those who attack you in melee.
You have a pair of horns on your head.


Message History

* * * LOW HITPOINT WARNING * * *
You hear an angry hiss.
As you read the scroll of teleportation, it crumbles to dust.
You feel strangely stable.
* * * LOW HITPOINT WARNING * * *
You feel very sick. The water moccasin bites you.
* * * LOW HITPOINT WARNING * * *
You are more poisoned.
The water moccasin poisons you!
A two-headed ogre comes into view. It is wielding two +0 giant clubs.
The howler monkey hits you.
* * * LOW HITPOINT WARNING * * *
The water moccasin completely misses you.
The howler monkey hoots and howls with incredible vigour!
You hear a bark! x2; You hear an angry hiss.
You hear a shout! x2
* * * LOW HITPOINT WARNING * * *
You feel very sick. The water moccasin bites you.
You die...

.....##.#.. #.....
#.........###...P..
.#..............P...
.....................
#.......)†....P....PP
#......Z.(()....P....
......YGZhh(.P.......
.......S.##.(.P.P.?..
#......@###..(P..PPP.
........##..(P..P...P
.......).....(PP.....
......†..<..†P†P..P>.
....$...##..P.......P
..O......#........P..
......#......PP......
......###....PP...P..
...... #...PP.......


You could see a two-headed ogre, an eye of draining, a water moccasin, an ice
beast, 2 howler monkeys, a worker ant zombie and a water moccasin skeleton.

Vanquished Creatures
  A two-headed ogre (D:8)
  Prince Ribbit (D:6)
  Sigmund (D:4)
  A yak (D:9)
  2 water moccasins (D:9)
  An orc warrior (D:6)
  Duvessa (D:6)
  3 sky beasts
  2 black bears (D:9)
  An ice beast (D:8)
  2 phantoms
  3 ogres
  3 centaurs
  3 big kobolds (D:8)
  A gnoll sergeant (D:9)
  7 bullfrogs
  2 scorpions
  Dowan (D:6)
  5 killer bees (D:8)
  3 jellies
  4 howler monkeys
  A quasit (D:8)
  3 bullfrog zombies (D:6)
  2 bullfrog skeletons
  2 centaur zombies
  A centaur skeleton (D:5)
  5 orc priests
  A hound (D:6)
  Crazy Yiuf (D:3)
  14 orc wizards
  Ijyb (D:4)
  Natasha (twice) (D:4)
  An iguana (D:4)
  4 worker ants
  13 adders
  A river rat (D:5)
  4 gnolls (D:3)
  2 shadow imps
  4 white imps
  4 ufetubi
  5 oozes
  An adder skeleton (D:6)
  4 worms
  3 dart slugs
  8 leopard geckos
  29 orcs
  4 giant cockroaches
  10 goblins
  11 hobgoblins
  23 jackals
  2 quokkas
  9 bats
  4 frilled lizards
  A jackal skeleton (D:4)
  19 kobolds
  A quokka skeleton (D:5)
  A quokka zombie (D:6)
  10 rats
259 creatures vanquished.

Vanquished Creatures (others)
  A frilled lizard (D:2)
  37 fungi (D:9)
  16 plants (D:9)
54 creatures vanquished.

Grand Total: 313 creatures vanquished

Notes
Turn   | Place    | Note
-------+----------+-------------------------------------------
     0 | D:1      | krautsourced the Minotaur Berserker began the quest for the
                  | Orb.
     0 | D:1      | Reached XP level 1. HP: 19/19 MP: 0/0
   133 | D:1      | Reached XP level 2. HP: 27/27 MP: 1/1
   141 | D:1      | Reached skill level 4 in Maces & Flails
   358 | D:1      | Reached ** piety under Trog
   605 | D:1      | Reached XP level 3. HP: 33/33 MP: 2/2
   922 | D:2      | Found a white marble altar of Elyvilon.
  1118 | D:2      | Reached XP level 4. HP: 38/41 MP: 3/3
  1555 | D:3      | Reached XP level 5. HP: 24/47 MP: 4/4
  1558 | D:3      | Reached *** piety under Trog
  1559 | D:3      | Reached skill level 5 in Maces & Flails
  1869 | D:3      | Reached skill level 5 in Fighting
  2255 | D:3      | Found a faded altar of an unknown god.
  2291 | D:3      | Reached skill level 6 in Maces & Flails
  2291 | D:3      | Reached XP level 6. HP: 30/56 MP: 5/5
  2640 | D:3      | Found a runed translucent door.
  2641 | D:3      | Noticed Crazy Yiuf
  2646 | D:3      | Killed Crazy Yiuf
  2961 | D:4      | Noticed Ijyb
  2972 | D:4      | Killed Ijyb
  2973 | D:4      | Reached skill level 7 in Maces & Flails
  3071 | D:4      | Reached XP level 7. HP: 61/61 MP: 6/6
  3140 | D:4      | Noticed Natasha
  3144 | D:4      | Killed Natasha
  3144 | D:4      | Reached **** piety under Trog
  3172 | D:4      | Reached skill level 5 in Armour
  3436 | D:4      | Reached skill level 8 in Maces & Flails
  3815 | D:4      | Noticed Sigmund
  3821 | D:4      | Killed Sigmund
  3966 | D:4      | Noticed Natasha
  3974 | D:4      | Killed Natasha
  4066 | D:5      | Entered Level 5 of the Dungeon
  4217 | D:5      | Reached XP level 8. HP: 70/70 MP: 7/7
  4385 | D:5      | Reached skill level 9 in Maces & Flails
  4742 | D:5      | Reached ***** piety under Trog
  4949 | D:6      | Noticed Prince Ribbit
  4952 | D:6      | Noticed Dowan
  4953 | D:6      | Killed Prince Ribbit
  4961 | D:6      | Killed Dowan
  4962 | D:6      | Noticed Duvessa
  4970 | D:6      | Killed Duvessa
  4971 | D:6      | Reached skill level 10 in Maces & Flails
  5287 | D:6      | Reached XP level 9. HP: 79/79 MP: 8/8
  5619 | D:6      | Found a staircase to the Ecumenical Temple.
  6163 | D:7      | Found a glowing silver altar of Zin.
  7043 | D:8      | Reached skill level 11 in Maces & Flails
  7079 | D:8      | Received a gift from Trog
  7250 | D:8      | Noticed a two-headed ogre
  7255 | D:8      | Killed a two-headed ogre
  7256 | D:8      | Reached skill level 12 in Maces & Flails
  7558 | D:8      | Reached XP level 10. HP: 90/90 MP: 9/9
  8204 | D:9      | Reached skill level 13 in Maces & Flails
  8228 | D:9      | Found a staircase to the Lair.
  8260 | D:9      | Noticed a two-headed ogre
  8261 | D:9      | HP: 2/90 [poisoned by a water moccasin]
  8261 | D:9      | Slain by a water moccasin

Illustrated notes

Levels and vault maps discovered:
D:1:      dpeg_arrival_ternary, layout_basic
D:2:      layout_loops_ring, elyvilon_altar_4
D:3:      layout_basic, chequers_ecumenical_altar_simple_redux,
          kennysheep_pointless_box, hangedman_decor_points, dk_noncrumbling_3,
          uniq_crazy_yiuf_cottage
D:4:      minmay_diamond_boxcup, layout_gridville, uniq_sigmund, uniq_ijyb,
          uniq_natasha
D:5:      layout_basic, gup_sewer_entry_spiral, serial_corexii_hall,
          corexii_hall_statues_deadend, corexii_hall_statues_l,
          kennysheep_generic_room_14
D:6:      layout_loops_ring, minmay_temple_entry_water_ring,
          grunt_decor_resistance, uniq_duvessa, uniq_prince_ribbit1
D:7:      layout_loops_corners, kennysheep_mini
D:8:      minmay_evil_eye, layout_loops_ring, grunt_ministairs_13
D:9:      layout_cave_pools, due_lair_maze_entry_diamond,
          gammafunk_ghost_necromancy, minmay_misc_feat_x,
          corexii_leaking_fountain, hex_large

Skill      XL: |  1  2  3  4  5  6  7  8  9 10 |
---------------+-------------------------------+-----
Maces & Flails | 4 6 7 8 10 12 13 | 13.8
Fighting       | 4 5 6 7 8 |  8.8
Armour         | 3 4 5 7 9 |  9.4
Dodging        | 3 |  3.5
Stealth        | |  0.5

Action                   |  1- 3 |  4- 6 |  7- 9 | 10-12 || total
-------------------------+-------+-------+-------+-------++-------
Melee: Mace              |    96 |    46 |       |       ||   142
       Headbutt          |    10 |    20 |    37 |    17 ||    84
       Flail             |       |    65 |   258 |       ||   323
       Great mace        |       |       |    42 |   100 ||   142
Invok: Berserk           |     2 |     3 |     8 |     2 ||    15
  Use: Scroll            |       |     6 |    12 |     2 ||    20
       Potion            |       |       |       |     1 ||     1
Armor: Animal skin       |     5 |       |       |       ||     5
       Plate armour      |    51 |    68 |   188 |    98 ||   405
Dodge: Dodged            |    47 |    39 |   106 |    74 ||   266
